 Dungeon Crawl Stone Soup version 0.32-a0-699-g1ee5eff69a (webtiles) character file.

Game seed: 3624181345498089906

15 BeKind the Chiller (level 2, 0/2 HPs)
             Began as an Octopode Ice Elementalist on Mar 13, 2024.
             Constricted to death by a ball python (1 damage)
             ... on level 1 of the Dungeon.
             The game lasted 00:01:39 (565 turns).

BeKind the Chiller (Octopode Ice Elementalist)       Turns: 565, Time: 00:01:40

Health: 0/2        AC:  7    Str:  7    XL:     2   Next: 50%
Magic:  4/5        EV:  1    Int: 17    God:
Gold:   39         SH:  0    Dex: 12    Spells: 4/5 levels left

rFire   . . .        e - +2 dagger (drain)
rCold   . . .        (no shield)
rNeg    + . .        (helmet restricted)
rPois   ∞            (no amulet)
rElec   +            (no ring)
rCorr   .            (no ring)
SInv    .            (no ring)
Will    .....        (no ring)
Stlth   +++          (no ring)
HPRegen 0.20/turn    (no ring)
MPRegen 0.09/turn    (no ring)
                     (no ring)

%: no passive effects
@: statue-form, constricted, very slow
A: slow and powerful, torment resistance 1, reduced hp, almost no armour,
amphibious, 8 rings, camouflage 1, (gelatinous body 1), (nimble swimmer 1),
tentacles
a: Begin Untransformation


You were on level 1 of the Dungeon.
You were a living statue of rough stone.
You visited 1 branch of the dungeon, and saw 1 of its levels.

You collected 39 gold pieces.

Inventory:

Hand Weapons
 c - a +3 dagger
 e - a +2 dagger of draining (weapon)
Talismans
 d - a granite talisman (active)
Scrolls
 b - 2 scrolls of identify {unknown}
 f - a scroll of fear {unknown}
Potions
 a - 2 potions of magic


   Skills:
 + Level 2.3 Dodging
 - Level 2.6 Stealth
 + Level 2.3 Spellcasting
 + Level 4.2 Ice Magic


You had 4 spell levels left.
You knew the following spells:

 Your Spells              Type           Power      Damage    Failure   Level
a - Freeze                Ice            64%        1d7       3%          1

Your spell library contained the following spells:

 Spells                   Type           Power      Damage    Failure   Level
 Frozen Ramparts          Ice            32%        1d5       10%         3
 Ozocubu's Armour         Ice            16%        N/A       10%         3
 Magic Dart               Conj           4%         1d3       19%         1
 Summon Ice Beast         Ice/Summ       9%         N/A       24%         3
 Blink                    Tloc           2%         N/A       28%         2
 Call Imp                 Summ           2%         N/A       28%         2


Dungeon Overview and Level Annotations

Branches:
Dungeon (1/15)

Altars:


Innate Abilities, Weirdness & Mutations

You are a living statue of rough stone.
Your actions are slow, but your melee attacks are powerful.
You are resistant to unholy torment.
Your maximum health is decreased, since you lack skill for your form.
You cannot wear most types of armour.
You are amphibious.
You can wear up to eight rings at the same time.
You are immune to poison.
Your skin changes colour to match your surroundings (Stealth+).
((Your rubbery body absorbs attacks. (AC +1, EV +1)))
((You are camouflaged when in or above water. (Stealth+)))
You have tentacles for arms and can constrict up to eight enemies at once.


Message History

The kobold hits you but does no damage.
You freeze the kobold.
You kill the kobold!
You can't see any susceptible monsters within range! (Use Z to cast anyway.)
You can't see any susceptible monsters within range! (Use Z to cast anyway.)
Things that are here:
a +2 dagger of draining; a kobold corpse
e - a +2 dagger of draining You sense an unholy aura.
e - a +2 dagger of draining (weapon)
Found a stone staircase leading down.
There is a stone staircase leading down here.
A giant cockroach comes into view.
A giant cockroach is nearby!
The giant cockroach closely misses you. x2
You see here a scroll labelled NAD BEUMEUNEHE.
You hit the giant cockroach.
You kill the giant cockroach!
You can't see any susceptible monsters within range! (Use Z to cast anyway.)
You can't see any susceptible monsters within range! (Use Z to cast anyway.)
f - a scroll labelled NAD BEUMEUNEHE You see here a giant cockroach corpse.
You open the door.
A rat comes into view.
Found 13 gold pieces.
A rat is nearby!
The rat squeaks loudly.
A ball python comes into view.
There is an open door here.
The ball python hisses angrily.
The rat barely misses you. The ball python barely misses you.
The ball python grabs you. The ball python constricts you.
The rat completely misses you.
You freeze the ball python.
The ball python is heavily wounded.
The ball python bites you.
Ouch! That really hurt!
The ball python constricts you.
Ouch! That really hurt!
You die...

###..#####.##.# #..#
#........##.# #.##
#.#########+# #.# #.#
##...# #.# ###.####
##.....## ###.# #......#
#.......## ##.#.#
#....#.##.........####...†#
........+........$'.......#
#....#.##......SI.####....#
#.#.##.# #.....r.## ##.#.#
#.#.# # ##.....## ###.#
#.#.# ##...# #.# #.... ##+#
#.# ### # #.#


You could see a ball python and a rat.

Vanquished Creatures
  An endoplasm (D:1)
  2 giant cockroaches (D:1)
  2 goblins (D:1)
  2 hobgoblins (D:1)
  2 ball pythons (D:1)
  2 bats (D:1)
  A kobold (D:1)
  2 rats (D:1)
14 creatures vanquished.

Notes
Turn   | Place    | Note
-------+----------+-------------------------------------------
     0 | D:1      | BeKind the Octopode Ice Elementalist began the quest for
                  | the Orb.
     0 | D:1      | Reached XP level 1. HP: 11/11 MP: 3/3
   215 | D:1      | Reached XP level 2. HP: 17/17 MP: 1/5
   565 | D:1      | Constricted to death by a ball python

Illustrated notes

Levels and vault maps discovered:
D:1:      dpeg_arrival_solitude, layout_loops_corners, minmay_liquid_box

Action                     || total
---------------------------++-------
  Melee: Unarmed           ||     5
         Tentacles         ||     2
         Dagger            ||     6
         Constrict         ||     2
   Cast: Freeze            ||    10
   Stab: Sleeping          ||     3
 Armour: Skin              ||    11
  Dodge: Dodged            ||    10
   Form: Statue            ||     1

Table legend: (Time is in decaauts)
 A = Elapsed time spent in this place.
 B = Non-inter-level travel time spent in this place.
 C = Inter-level travel time spent in this place.
 D = Time resting spent in this place.
 E = Time spent auto-exploring this place.
 F = Levels seen in this place.
 G = Mean time per level.
                   A        B        C        D        E       F      G
               +--------+--------+--------+--------+--------+-----+--------+
         Total |    655 |    640 |     15 |      0 |    532 |   1 |  655.0 |
       Dungeon |    655 |    640 |     15 |      0 |    532 |   1 |  655.0 |
               +--------+--------+--------+--------+--------+-----+--------+

Top non-repeatable levels by time:
     D:1: 655 daAuts
